 Dungeon Sprint DCSS version 0.29-a0-96-g93358da72b (webtiles) character file.

Game seed: 6563612752470268030

54 cyrus the Skirmisher (level 6, -1/66 HPs)
             Began as a Naga Fighter on Feb 11, 2022.
             Was an Initiate of Yredelemnul.
             Slain by an ogre (20 damage)
             ... in the Dungeon (Sprint VI: "Thunderdome").
             The game lasted 00:05:02 (391 turns).

cyrus the Skirmisher (Naga Fighter)                  Turns: 391, Time: 00:05:03

Health: -1/66      AC:  6    Str: 21    XL:     6   Next: 49%
Magic:  6/6        EV:  8    Int:  8    God:    Yredelemnul [......]
Gold:   112        SH:  5    Dex: 10    Spells: 5/5 levels left

rFire   . . .      SeeInvis +   a - +0 trident
rCold   . . .      Faith    .   c - +0 buckler
rNeg    . . .      Spirit   .   b - +0 scale mail
rPois   +          Reflect  .   (no helmet)
rElec   .          Harm     .   (no cloak)
rCorr   .          Rampage  .   (no gloves)
Will    .....      NoTele   +   (no barding)
Stlth   ..........              (no amulet)
HPRegen 0.21/turn               (no ring)
MPRegen 0.10/turn               (no ring)

@: on berserk cooldown, slowed, very slow
A: AC +2, large, see invisible, deformed body, poison resistance, slowness 2,
spit poison 1, naga tail 1
a: Spit Poison, Renounce Religion, Recall Undead Harvest


You were in the Dungeon.
You worshipped Yredelemnul.
Yredelemnul was noncommittal.
You visited 1 branch You collected 280 gold pieces.
You spent 168 gold pieces at shops.

Inventory:

Hand Weapons
 a - a +0 trident (weapon)
 n - a +0 scythe
Armour
 b - a +0 scale mail (worn)
 c - a +0 buckler (worn)
Wands
 e - a wand of acid (5)
 f - a wand of iceblast (5)
Scrolls
 j - 4 scrolls of blinking
 l - 3 scrolls of fog
Potions
 d - a potion of resistance
 g - 4 potions of haste
 h - 2 potions of magic
 k - 3 potions of heal wounds
 m - 8 potions of curing


   Skills:
 + Level 7.2 Fighting
 + Level 5.9 Polearms
 + Level 6.4 Armour
 + Level 2.4 Dodging
 + Level 5.7 Shields


You had 5 spell levels left.
You didn't know any spells.
Your spell library was empty.

Dungeon Overview and Level Annotations

Branches:
Dungeon (1/1)

Altars:
Cheibriados
Dithmenos
Fedhas
Gozag
Kikubaaqudgha
Makhleb
Okawaru
Qazlal
Ru
Sif Muna
Trog
Uskayaw
Vehumet
Wu Jian
Xom
Yredelemnul
Zin
The Shining One
Beogh
Lugonu

Shops:
D *[??*?*:[((!!!!


Innate Abilities, Weirdness & Mutations

Your serpentine skin is tough. (AC +2)
You have supernaturally acute eyesight. (SInv)
Armour fits poorly on your strangely shaped body.
Your system is resistant to poisons. (rPois)
You cover ground very slowly.
You can spit poison.
You have a snake-like lower body.


Message History

You feel your anger nearly subside.
You are no longer berserk.
You are exhausted.
You feel yourself slow down.
The ogre mage gestures at you while chanting.
You suddenly lose the ability to move!
The ogre mage hits your ogre zombie with a +0 halberd!
An ogre comes into view. It is wielding a +0 giant club.
Your ogre zombie barely misses the ogre mage.
The ogre mage hits your ogre zombie with a +0 halberd!
The ogre mage hits your ogre zombie with a +0 halberd!
Your ogre zombie hits the ogre mage.
The ogre mage points at the ogre and mumbles some strange words.
The ogre seems to speed up.
Your ogre zombie hits the ogre mage!
The ogre mage hits your ogre zombie with a +0 halberd!!
Your ogre zombie is destroyed!
You can move again.
The ogre mage casts a spell.
The ogre mage flickers and vanishes for a moment.
You hit the ogre.
The ogre is moderately wounded.
The ogre barely misses you.
The ogre mage hits you from afar with a +0 halberd!
The ogre barely misses you.
You closely miss the ogre.
The ogre is moderately wounded.
You block the ogre mage's attack. The ogre barely misses you.
The ogre mage hits you from afar with a +0 halberd.
You puncture the ogre!
The ogre is heavily wounded.
You block the ogre's attack.
The ogre mage hits you from afar with a +0 halberd!
* * * LOW HITPOINT WARNING * * *
The ogre completely misses you.
You puncture the ogre!
The ogre is almost dead.
The ogre closely misses you. The ogre mage barely misses you.
The ogre hits you with a +0 giant club!!
You die...
Your body rises from the dead as a mindless zombie.

##∩.....∩## #∩.......∩#
#_......._# #_......._#
#_......._# ###.........###
#⌠...........⌠#
######.8.....O.O.8.######
##._._......###.@...._._∩##
#∩........8.# #.8).......∩###
............###.............##
.........###...###..........⌠#
.........# #.<.# #..........⌠#
.........###...###..........⌠#
............###.[[..........##
#∩........8.# #.8........∩###
##∩_._......###......_._∩##


You could see an ogre mage (invisible) and an ogre (fast).

Vanquished Creatures
  An ogre (D)
  Jessica (D)
  5 adders (D)
  2 ball pythons (D)
9 creatures vanquished.

Vanquished Creatures (collateral kills)
  Sigmund (D)
  An adder (D)
  A rat (D)
3 creatures vanquished.

Vanquished Creatures (others)
  An ogre zombie (D)
  A rat zombie (D)
2 creatures vanquished.

Grand Total: 14 creatures vanquished

Notes
Turn   | Place    | Note
-------+----------+-------------------------------------------
     0 | D        | cyrus the Naga Fighter began the quest for the Orb.
     0 | D        | Reached XP level 1. HP: 21/21 MP: 1/1
     0 | D        | Found an iron altar of Okawaru.
     0 | D        | Found a basalt altar of Yredelemnul.
     2 | D        | Found a burning altar of Makhleb.
     2 | D        | Found a corrupted altar of Lugonu.
     3 | D        | Found an ornate altar of the Wu Jian Council.
     3 | D        | Found a sacrificial altar of Ru.
     3 | D        | Found Maybluru's Staff Store.
     3 | D        | Found Ycieptec's Magic Scroll Shop.
     4 | D        | Found Conikh's Must-Have Magic.
     4 | D        | Found Ajey's Magic Scroll Shop.
     4 | D        | Round 1.
     5 | D        | Found a shimmering blue altar of Sif Muna.
     6 | D        | Found Usil's Distillery.
    10 | D        | Became a worshipper of Yredelemnul the Dark
    17 | D        | Found an ancient bone altar of Kikubaaqudgha.
    17 | D        | Found a bloodstained altar of Trog.
    17 | D        | Found Aresic's Do-It-Yourself Clinic.
    18 | D        | Found Calaff's Distillery.
    18 | D        | Found Kesuez's Bottled Wisdom.
    23 | D        | Found a glowing silver altar of Zin.
    24 | D        | Found a blossoming altar of Fedhas.
    25 | D        | Found a shadowy altar of Dithmenos.
    66 | D        | Reached XP level 2. HP: 23/30 MP: 2/2
    66 | D        | Found Leemot's Weapon Rack.
    82 | D        | Noticed Jessica
    90 | D        | Killed Jessica
    91 | D        | Reached skill level 4 in Fighting
    91 | D        | Reached XP level 3. HP: 32/37 MP: 3/3
   127 | D        | Noticed Sigmund
   140 | D        | Killed Sigmund
   141 | D        | Reached * piety under Yredelemnul
   141 | D        | Reached skill level 6 in Fighting
   141 | D        | Reached skill level 5 in Armour
   141 | D        | Reached skill level 1 in Dodging
   141 | D        | Reached skill level 5 in Shields
   141 | D        | Reached XP level 4. HP: 49/49 MP: 4/4
   141 | D        | Reached XP level 5. HP: 56/56 MP: 5/5
   141 | D        | Arena points: 12 (+12) [x2]
   175 | D        | Round 2.
   218 | D        | Reached skill level 5 in Polearms
   235 | D        | Bought 4 potions of curing for 84 gold pieces
   235 | D        | Bought 4 potions of curing for 84 gold pieces
   248 | D        | Reached XP level 6. HP: 63/63 MP: 6/6
   294 | D        | Found a glowing golden altar of the Shining One.
   298 | D        | Found a radiant altar of Vehumet.
   301 | D        | Found a snail-covered altar of Cheibriados.
   301 | D        | Found a stormy altar of Qazlal.
   301 | D        | Found Xyaschu's Identification Station.
   302 | D        | Found Julechano's Jewellery.
   302 | D        | Found Hiloyj's Advanced Armour.
   313 | D        | Arena points: 54 (+42) [x3]
   314 | D        | Found a hide-covered altar of Uskayaw.
   325 | D        | Found an opulent altar of Gozag.
   325 | D        | Found a shimmering altar of Xom.
   325 | D        | Round 3.
   327 | D        | Found Ekoter's Premium Goods.
   330 | D        | Found Axzoj's Miscellaneous Merchandise.
   330 | D        | Found Fofebb's Basic Armour.
   377 | D        | Noticed an ogre mage
   378 | D        | Reached skill level 7 in Fighting
   381 | D        | Paralysed by an ogre mage for 6 turns
   391 | D        | Slain by an ogre

Illustrated notes

Levels and vault maps discovered:
D:        arena_sprint

Skill      XL: |  1  2  3  4  5  6 |
---------------+-------------------+-----
Armour         | 3 5 6 |  6.4
Shields        | 3 5 |  5.7
Fighting       | 4 6 7 |  7.2
Polearms       | 4 5 |  5.9
Dodging        | 1 2 |  2.4

Action                   |  1- 3 |  4- 6 || total
-------------------------+-------+-------++-------
Melee: Trident           |    23 |    34 ||    57
  Use: Potion            |     3 |     1 ||     4
Armor: Scale mail        |    10 |    10 ||    20
Dodge: Dodged            |    12 |    17 ||    29
Block: Buckler           |     5 |    12 ||    17

Table legend: (Time is in decaauts)
 A = Elapsed time spent in this place.
 B = Non-inter-level travel time spent in this place.
 C = Inter-level travel time spent in this place.
 D = Time resting spent in this place.
 E = Time spent auto-exploring this place.
 F = Levels seen in this place.
 G = Mean time per level.
                   A        B        C        D        E       F      G
               +--------+--------+--------+--------+--------+-----+--------+
         Total |    496 |    494 |      2 |     44 |     57 |   1 |  496.0 |
       Dungeon |    496 |    494 |      2 |     44 |     57 |   1 |  496.0 |
               +--------+--------+--------+--------+--------+-----+--------+

Top non-repeatable levels by time:
       D: 496 daAuts
